 Dungeon Crawl Stone Soup version 0.30-a0-715-gdb4ae3ece1 (webtiles) character file.

Game seed: 15158007757648136046

65 Tegun the Chopper (level 3, 0/28 HPs)
             Began as a Demonspawn Gladiator on Jan 23, 2023.
             Slain by Sigmund
             ... wielding a +4 scythe of protection
              (2 damage)
             ... on level 3 of the Dungeon on Mar 14, 2023.
             The game lasted 00:02:09 (1437 turns).

Tegun the Chopper (Demonspawn Gladiator)            Turns: 1437, Time: 00:02:09

Health: 0/28       AC:  8    Str: 16    XL:     3   Next: 94%
Magic:  3/3        EV: 12    Int:  9    God:
Gold:   149        SH:  0    Dex: 14    Spells: 2/2 levels left

rFire   . . .      SeeInvis .    a - +0 war axe
rCold   . . .      Faith    .    (no shield)
rNeg    . . .      Spirit   .    b - +0 leather armour
rPois   .          Reflect  .    c - +0 helmet
rElec   .          Harm     .    (no cloak)
rCorr   .          Rampage  .    t - +0 pair of gloves
Will    .....                    i - +0 pair of boots
Stlth   +                        (no amulet)
HPRegen 0.24/turn                (no ring)
MPRegen 0.08/turn                (no ring)

@: no status effects
A: slimy green scales 1, weakness stinger 1
a: no special abilities


You were on level 3 of the Dungeon.
You visited 1 branch of the dungeon, and saw 3 of its levels.

You collected 149 gold pieces.

Inventory:

Hand Weapons
 a - a +0 war axe (weapon)
Missiles
 d - 3 throwing nets (quivered)
 e - a javelin
Armour
 b - a +0 leather armour (worn)
 c - a +0 helmet (worn)
 i - a +0 pair of boots (worn)
 t - a +0 pair of gloves (worn)
 u - a +0 hat
Scrolls
 f - 2 scrolls of immolation {unknown}
 g - a scroll of magic mapping {unknown}
 j - a scroll of amnesia {unknown}
 k - 2 scrolls of teleportation {unknown}
 m - 3 scrolls of fog {unknown}
 q - a scroll of enchant armour {unknown}
 r - a scroll of identify {unknown}
Potions
 h - a potion of brilliance {unknown}
 l - a potion of mutation {unknown}
 n - a potion of haste {unknown}
 o - 3 potions of heal wounds {unknown}
 p - 2 potions of curing {unknown}
 s - a potion of lignification {unknown}


   Skills:
 + Level 2.7 Fighting
 + Level 3.2 Axes
 - Level 1.7 Throwing
 + Level 1.4 Armour
 + Level 3.2 Dodging


You had 2 spell levels left.
You didn't know any spells.
Your spell library contained the following spells:

 Spells                   Type           Power      Damage    Failure   Level
 Ozocubu's Armour         Ice            0%         N/A       83%         3
 Ozocubu's Refrigeration  Ice            0%         4d7       100%        7


Dungeon Overview and Level Annotations

Branches:
Dungeon (3/15)

Altars:
Nemelex Xobeh

Annotations:
D:3 Sigmund


Innate Abilities, Weirdness & Mutations

You are partially covered in slimy green scales. (AC +2)
You have a small tail.


Message History

The magic dart hits you but does no damage.
Sigmund closely misses you.
You closely miss Sigmund.
Your tail-slap misses Sigmund.
You barely miss Sigmund. Sigmund barely misses you.
You closely miss Sigmund. Sigmund barely misses you.
You hit Sigmund.
Sigmund is lightly wounded.
Sigmund hits you with a +4 scythe of protection!
You closely miss Sigmund.
Sigmund is lightly wounded.
Sigmund hits you with a +4 scythe of protection!
You are too injured to fight recklessly!
You are too injured to fight recklessly!
You are too injured to fight recklessly!
You are too injured to fight recklessly!
You are too injured to fight recklessly!
You closely miss Sigmund. You tail-slap Sigmund.
Sigmund is moderately wounded.
Sigmund points at you and mumbles some strange words.
You resist with significant effort.
You barely miss Sigmund.
Sigmund is moderately wounded.
Sigmund barely misses you.
You slash Sigmund!
Sigmund is heavily wounded.
Sigmund casts a spell at you. The puff of flame hits you.
You barely miss Sigmund.
You tail-slap Sigmund, but do no damage.
Sigmund is heavily wounded.
Sigmund hits you with a +4 scythe of protection.
* * * LOW HITPOINT WARNING * * *
You hit Sigmund.
Sigmund is severely wounded.
Sigmund hits you with a +4 scythe of protection!
* * * LOW HITPOINT WARNING * * *
You closely miss Sigmund.
Sigmund is severely wounded.
Sigmund hits you with a +4 scythe of protection.
You die...

###########
.........# #.......#
#......># #.......#
#...@..(# #@..#
##..###### #.......#
.......####.#
.⌠._#.#####.#######
#....#>#.........(.#
#P.. #.#.#########.#
##. ##.#....# #.#
####..#....### #.#


You could see Sigmund.

Vanquished Creatures
  2 adders (D:2)
  A worm (D:2)
  2 dart slugs
  3 endoplasms (D:2)
  2 giant cockroaches
  3 goblins
  4 hobgoblins
  3 jackals (D:2)
  2 quokkas
  2 ball pythons (D:2)
  6 bats
  2 frilled lizards (D:1)
  3 kobolds
  3 rats
38 creatures vanquished.

Notes
Turn   | Place    | Note
-------+----------+-------------------------------------------
     0 | D:1      | Tegun the Demonspawn Gladiator began the quest for the Orb.
     0 | D:1      | Reached XP level 1. HP: 16/16 MP: 1/1
   211 | D:1      | Gained mutation: You have a small tail. [demonic ancestry]
   211 | D:1      | Reached XP level 2. HP: 22/22 MP: 2/2
   633 | D:2      | Reached skill level 1 in Armour
   655 | D:2      | Gained mutation: You are partially covered in slimy green
                  | scales. (AC +2) [demonic ancestry]
   655 | D:2      | Reached XP level 3. HP: 24/28 MP: 3/3
  1419 | D:3      | Found a sparkling altar of Nemelex Xobeh.
  1422 | D:3      | Noticed Sigmund
  1437 | D:3      | Slain by Sigmund

Illustrated notes

Levels and vault maps discovered:
D:1:      dpeg_arrival_leaves_temple_mockup, layout_rooms
D:2:      layout_basic
D:3:      layout_basic, lemuel_tele_altar, ashenzari_conservatory_becter,
          nzn_wu_jian_contemplation, gammafunk_temple_overflow_forgotten,
          grunt_decor_one_mirror, minmay_distorted, uniq_jessica, uniq_sigmund

Skill      XL: |  1  2 |
---------------+-------+-----
Axes           | 3 |  3.2
Armour         | 1 |  1.4
Dodging        | 3 |  3.2
Fighting       | |  2.7
Throwing       | |  1.7

Action                     || total
---------------------------++-------
  Melee: War axe           ||   104
         Tailslap          ||     8
 Armour: Leather armour    ||    38
  Dodge: Dodged            ||    76

Table legend: (Time is in decaauts)
 A = Elapsed time spent in this place.
 B = Non-inter-level travel time spent in this place.
 C = Inter-level travel time spent in this place.
 D = Time resting spent in this place.
 E = Time spent auto-exploring this place.
 F = Levels seen in this place.
 G = Mean time per level.
                   A        B        C        D        E       F      G
               +--------+--------+--------+--------+--------+-----+--------+
         Total |   1472 |   1418 |     54 |     70 |   1037 |   3 |  490.7 |
       Dungeon |   1472 |   1418 |     54 |     70 |   1037 |   3 |  490.7 |
               +--------+--------+--------+--------+--------+-----+--------+

Top non-repeatable levels by time:
     D:2: 867 daAuts
     D:1: 541 daAuts
     D:3: 64 daAuts
